cohdb
Replays
Latest Replays
All Replays
Popular Replays
Top Player Replays
Match Explorer
How It Works
Community
CoH3 Stats
Reddit
Sign in to upload your games and track your stats! →
Sign in with Steam
Match 43131692
Unlisted
Match 43131692
Overview
Messages
Build Orders
End
Construct Section Command Post
Royal Engineer Section
Selects Canadian Shock Battlegroup
Selects Canadian Shock Battlegroup
Infantry Section
Dingo Light Scout Car
Selects Offensive Resupply
Selects Canadian Shock Section
Canadian Shock Section
Construct Platoon Command Post
Humber Armored Car
Selects Incendiary Munitions
Infantry Training
Selects Pyrotechnics
Canadian Shock Section
Grenade Package
Construct Company Command Post
Crusader II Medium Tank
Royal Engineer Section
Selects Churchill Crocodile Heavy Tank
6-pounder Anti-tank Gun Team
Churchill Crocodile Heavy Tank
Selects Smoke Operation
Armored Vehicle Training
crip walking barrage
ConcernedApe
SOPRO
cocopang
0
0
Comments
sign in to comment!
No comments posted yet!